 Dungeon Crawl Stone Soup version 0.31.0-12-g77e489cdc1 (webtiles) character file.

Game seed: 710941721768399707

98 Silvore the Trooper (level 4, -3/33 (35) HPs)
             Began as a Demonspawn Fighter on Feb 15, 2024.
             Slain by Crazy Yiuf
             ... wielding a +2 quarterstaff of chaos
              (9 damage)
             ... on level 2 of the Dungeon.
             The game lasted 00:02:16 (1429 turns).

Silvore the Trooper (Demonspawn Fighter)            Turns: 1429, Time: 00:02:17

HP:   -3/33 (35)    AC: 19    Str: 18    XL:     4   Next: 43%
MP:   4/4           EV:  7    Int:  8    God:
Gold: 52            SH:  4    Dex: 13    Spells: 3/3 levels left

rFire   . . .        e - +2 scimitar (protect)
rCold   . . .        c - +0 buckler
rNeg    . . .        l - +0 plate armour
rPois   .            (no helmet)
rElec   .            (no cloak)
rCorr   .            (no gloves)
SInv    .            o - +0 pair of boots
Will    .....        (no amulet) Stlth
                     (no ring)
HPRegen 0.25/turn    (no ring)
MPRegen 0.18/turn

%: no passive effects
@: lethally poisoned (-3 -> -4), under a protective aura, drained
A: magic regeneration, sturdy frame 2
a: no special abilities


You were on level 2 of the Dungeon.
You visited 1 branch of the dungeon, and saw 2 of its levels.

You collected 52 gold pieces.

Inventory:

Hand Weapons
 a - a +0 long sword
 e - a +2 scimitar of protection (weapon)
Armour
 b - a +0 scale mail
 c - a +0 buckler (worn)
 l - a +0 plate armour (worn)
 o - a +0 pair of boots (worn)
Scrolls
 f - a scroll of fear
 h - 4 scrolls of identify
 i - a scroll of acquirement
 j - a scroll of poison {unknown}
 k - a scroll of teleportation {unknown}
 m - a scroll of enchant armour {unknown}
 n - a scroll of summoning {unknown}
Potions
 d - a potion of might
 g - 3 potions of mutation
 p - a potion of degeneration {unknown}
 q - a potion of curing {unknown}
 r - a potion of enlightenment {unknown}


   Skills:
 + Level 3.5 Fighting
 + Level 3.1 Long Blades
 + Level 3.2 Armour
 + Level 0.2 Dodging
 + Level 3.1 Shields


You had 3 spell levels left.
You didn't know any spells.
Your spell library contained the following spells:

 Spells                   Type           Power      Damage    Failure   Level
 Apportation              Tloc           0%         N/A       99%         1
 Magic Dart               Conj           0%         1d3       99%         1
 Necrotise                Necr           0%         1d4       99%         1
 Shock                    Conj/Air       0%         1d3       99%         1
 Sting                    Conj/Alch      0%         1d3       99%         1
 Summon Small Mammal      Summ           0%         N/A       99%         1
 Blink                    Tloc           0%         N/A       100%        2
 Call Imp                 Summ           0%         N/A       100%        2
 Searing Ray              Conj           0%         2d4       100%        2
 Swiftness                Air            0%         N/A       100%        3
 Airstrike                Air            0%         2d(0-16)  100%        4
 Fulminant Prism          Conj/Alch      0%         3d5       100%        4


Dungeon Overview and Level Annotations

Branches:
Dungeon (2/15)

Altars:

Shops:
D:2 *

Annotations:
D:2 Crazy Yiuf


Innate Abilities, Weirdness & Mutations

You regenerate magic rapidly.
Your movements are less encumbered by armour. (ER -4)


Message History

The giant cockroach bites you but does no damage.
You hit the giant cockroach but do no damage.
Your weapon exudes an aura of protection.
The giant cockroach closely misses you.
You slash the giant cockroach!
You kill the giant cockroach!
Found Nakiryle's Assorted Antiques.
r - a ruby potion
There is an entrance to Nakiryle's Assorted Antiques here.
Found a robe.
Found a hammer.
Found a runed translucent door.
Crazy Yiuf shouts!
Crazy Yiuf says, "Fire!
Mugger hand poople."
Crazy Yiuf cries, "Key!"
As you open the door, it creaks loudly!
You barely miss Crazy Yiuf. Crazy Yiuf hits you but does no damage.
You are poisoned.
Crazy Yiuf barely misses you.
You hit Crazy Yiuf.
Your weapon exudes an aura of protection.
Crazy Yiuf is lightly wounded.
You feel very sick.
Crazy Yiuf hits you with a +2 quarterstaff of chaos!
You feel drained.
You hit Crazy Yiuf.
Crazy Yiuf is lightly wounded.
You feel sick. You block Crazy Yiuf's attack.
You hit Crazy Yiuf.
Crazy Yiuf is heavily wounded.
You feel sick. Crazy Yiuf barely misses you.
You barely miss Crazy Yiuf.
Crazy Yiuf is heavily wounded.
You feel sick.
Crazy Yiuf hits you but does no damage. x2
You hit Crazy Yiuf but do no damage.
Crazy Yiuf is heavily wounded.
You feel sick.
Crazy Yiuf hits you with a +2 quarterstaff of chaos.
* * * LOW HITPOINT WARNING * * *
You convulse!
You die...

#.#
#.########.##.###.##
# #.# #.# #.###.#.##
# #.# #.# #.# ##.##
# #.# ### ### #.# #
#.# #.# # #.# #.#
##### #.####### ###
#.###...† #.....#.##
###..)# #.......)
###......####@g...#
#####.###
##......#..##...#
#.# ##.#..#.### ###
..# ######## ####


You could see Crazy Yiuf.

Vanquished Creatures
  Robin (D:2)
  A gnoll (D:1)
  An adder (D:2)
  A dart slug (D:1)
  2 ribbon worms (D:2)
  5 endoplasms
  6 giant cockroaches
  12 goblins
  6 hobgoblins
  2 jackals (D:1)
  A quokka (D:2)
  2 ball pythons (D:1)
  5 bats
  3 frilled lizards
  4 kobolds
  3 rats
55 creatures vanquished.

Notes
Turn   | Place    | Note
-------+----------+-------------------------------------------
     0 | D:1      | Silvore the Demonspawn Fighter began the quest for the Orb.
     0 | D:1      | Reached XP level 1. HP: 18/18 MP: 1/1
   114 | D:1      | Gained mutation: Your movements are slightly less
                  | encumbered by armour. (ER -2) [demonic ancestry]
   114 | D:1      | Reached XP level 2. HP: 24/24 MP: 2/2
   381 | D:1      | Found a faded altar of an unknown god.
   473 | D:1      | Gained mutation: Your movements are less encumbered by
                  | armour. (ER -4) [demonic ancestry]
   473 | D:1      | Reached XP level 3. HP: 29/29 MP: 3/3
   725 | D:1      | Identified a scroll of acquirement
   725 | D:1      | Acquired a +2 scimitar of electrocution
   974 | D:2      | Gained mutation: You regenerate magic rapidly. [demonic
                  | ancestry]
   974 | D:2      | Reached XP level 4. HP: 35/35 MP: 4/4
  1264 | D:2      | Noticed Robin
  1277 | D:2      | Killed Robin
  1345 | D:2      | Found Nakiryle's Assorted Antiques.
  1419 | D:2      | Found a runed translucent door.
  1420 | D:2      | Noticed Crazy Yiuf
  1429 | D:2      | Slain by Crazy Yiuf

Illustrated notes

Levels and vault maps discovered:
D:1:      dpeg_arrival_rooms_with_view, layout_basic,
          shapermc_ecumenical_altar_mp_highgroup, nrook_uturn,
          minmay_misc_feat_more_columns
D:2:      layout_loops_ring, serial_shops, nicolae_diamond_shop, uniq_robin,
          uniq_crazy_yiuf_cottage

Skill      XL: |  1  2  3  4 |
---------------+-------------+-----
Long Blades    | 2 3 |  3.1
Armour         | 3 |  3.2
Shields        | 3 |  3.1
Fighting       | |  3.5
Dodging        | |  0.2

Action                     |  1- 3 |  4- 6 || total
---------------------------+-------+-------++-------
  Melee: Long sword        |    88 |       ||    88
         Scimitar          |    33 |    46 ||    79
    Use: Scroll            |     5 |       ||     5
 Armour: Scale mail        |    93 |       ||    93
         Plate armour      |     2 |    48 ||    50
  Dodge: Dodged            |    78 |    19 ||    97
  Block: Buckler           |    41 |    19 ||    60
